 Dungeon Crawl Stone Soup version 0.31-a0-765-g67fe2935dc (webtiles) character file.

Game seed: 15600787392373228623

23261 Pixllover the Severer (level 13, -9/82 HPs)
             Began as a Gargoyle Berserker on Sept 16, 2023.
             Was a High Priest of Trog.
             Killed from afar by a bog body (20 damage)
             ... with a bolt of cold
             ... on level 2 of the Lair of Beasts.
             The game lasted 00:36:09 (13268 turns).

Pixllover the Severer (Gargoyle Berserker)         Turns: 13268, Time: 00:36:09

Health: -9/82      AC: 30    Str: 23    XL:     13   Next: 5%
Magic:  4/4        EV:  8    Int:  9    God:    Trog [*****.]
Gold:   695        SH:  0    Dex: 14    Spells: 12/12 levels left

rFire   . . .        B - +2 executioner's axe (antimagic)
rCold   . . .        (shield currently unavailable)
rNeg    + . .        h - +0 plate armour
rPois   ∞            (no helmet)
rElec   +            (no cloak)
rCorr   .            F - +1 pair of gloves
SInv    .            (no boots)
Will    .....        (no amulet) Stlth
                     g - +4 ring of protection
HPRegen 0.33/turn    r - ring "Sedakhlun" {Fly Dex+3 Stlth+}
MPRegen 0.09/turn

%: random rage (3%)
@: about to teleport, marked, flying, slowed, very slow
A: sickness immunity, AC +9, negative energy resistance 1, electricity
resistance, torment resistance 1, petrification resistance, berserk 1, sense
surroundings 1
a: Renounce Religion, Berserk, Trog's Hand, Brothers in Arms


You were on level 2 of the Lair of Beasts.
You worshipped Trog.
Trog was extremely pleased with you.
You visited 2 branches of the dungeon, and saw 15 of its levels.

You collected 935 gold pieces.
You spent 240 gold pieces at shops.

Inventory:

Hand Weapons
 p - a +3 battleaxe of electrocution
 B - a +2 antimagic executioner's axe (weapon)
Missiles
 c - 6 curare-tipped darts
 d - 26 poisoned darts (quivered)
Armour
 f - a +0 hat of willpower
 h - a +0 plate armour (worn)
 t - a +0 tower shield
 F - a +1 pair of gloves (worn)
Jewellery
 g - a +4 ring of protection (left hand)
 r - the ring "Sedakhlun" (right hand) {Fly Dex+3 Stlth+}
   (You found it on level 4 of the Dungeon)

   [ring of flight]

   Dex+3:     It affects your dexterity (+3).
   Fly:       It grants you flight.
   Stlth+:    It makes you more stealthy.
 G - an amulet of guardian spirit
Wands
 q - a wand of flame (54)
 u - a wand of polymorph (4)
 y - a wand of light (6)
Scrolls
 b - 2 scrolls of immolation {unknown}
 k - a scroll of blinking {unknown}
 m - 2 scrolls of teleportation
 o - a scroll of torment
 s - 2 scrolls of fog
 v - a scroll of fear
 x - a scroll of vulnerability {unknown}
 D - a scroll of enchant weapon {unknown}
 E - a scroll of poison
Potions
 a - 2 potions of invisibility
 e - a potion of haste
 i - 3 potions of degeneration {unknown}
 j - a potion of curing
 l - 3 potions of resistance
 n - a potion of mutation
 w - 2 potions of ambrosia
 z - a potion of berserk rage {unknown}
 A - a potion of might {unknown}
 C - a potion of magic


   Skills:
 + Level 10.2 Fighting
 + Level 2.6 Short Blades
 + Level 15.2(15.4) Axes
 + Level 4.0(11.5) Maces & Flails
 + Level 1.5 Throwing
 + Level 9.8 Armour
 + Level 2.8 Dodging
 + Level 1.5 Stealth


You had 12 spell levels left.
You didn't know any spells.
Your spell library was empty.

Dungeon Overview and Level Annotations

Branches:
Dungeon (13/15)            Temple (0/1) D:6            Lair (1/5) D:11
    Orc (0/2) D:10
 Vaults: D:13-14

Altars:
Cheibriados
Fedhas
Gozag
Hepliaklqana
Nemelex Xobeh
Okawaru
Qazlal
Trog
Wu Jian
Xom

Shops:
D:4 [[([   D:11 *

Annotations:
D:7 3 runed translucent doors, Heedrag's ghost, novice DsSh
D:8 2 transporters
Lair:2 Harold


Innate Abilities, Weirdness & Mutations

You are immune to sickness and miasma.
Your stone body is resilient. (AC +9)
You are immune to poison.
You resist negative energy. (rN+)
You are resistant to electric shocks. (rElec)
You are resistant to unholy torment.
You are immune to petrification.
You sometimes lose your temper in combat.
You passively map a small area around you.


Message History

The bog body is almost destroyed.
A wolf comes into view. x2
The wolf closely misses you.
The bog body touches you but does no damage.
The wolf moves out of view.
You barely miss the bog body.
The bog body is almost destroyed.
You slash the wolf! The wolf barely misses you. The wolf bites you.
The bog body barely misses you.
You barely miss the bog body.
The bog body is almost destroyed.
You closely miss the wolf. x2
A wolf comes into view.
The wolf bites you but does no damage. x2; The bog body touches you.
The bog body freezes you!!
* * * LOW HITPOINT WARNING * * *
The wolf barely misses you.
You feel better.
The wolf bites you but does no damage. x2
The wolf barely misses you.
A wolf comes into view.
The bog body touches you.
* * * LOW HITPOINT WARNING * * *
The bog body freezes you!
* * * LOW HITPOINT WARNING * * *
The wolf barely misses you.
As you read the scroll of fear, it crumbles to dust.
You assume a fearsome visage.
The bog body is unaffected.
Harold looks frightened!
The wolf looks frightened! x7
The wolf easily resists.
The wolf looks frightened!
The bog body casts a spell at you.
You feel yourself slow down.
As you read the scroll of teleportation, it crumbles to dust.
You feel strangely unstable.
Harold screams, "Help!"
The bog body touches you but does no damage.
Cornered, Harold turns to fight!
The bog body touches you but does no damage.
The bog body gestures at you while chanting.
The bolt of cold hits you!!
You die...

* ..,* ... ## §..§##.##
§..:#h..#### #######
~§.........############PP#..##
§....h......#.#.#.h.h........#
..........S###..h..h........##
.........h@#.@.##...........#
*
#....)h..#hn..###...........#
#....#...#######............#
.#####...# #.#..#P.'.####
##..# ######...## #§.# #....#
#§§# #.###### ≈§§§ ####'P#.#.#
#≈## #........#


You could see a bog body (magic disrupted) and 5 wolves.

Vanquished Creatures
  Gastronok (D:12)
  3 death yaks (D:11)
  4 two-headed ogres
  A bog body (Lair:2)
  2 cyclopes
  9 elephants (Lair:1)
  A manticore (D:12)
  A black mamba (Lair:1)
  A cane toad (Lair:2)
  A gargoyle (D:11)
  Maggie (D:7)
  An unseen horror (D:11)
  A rime drake (Lair:1)
  A komodo dragon (Lair:1)
  A freezing wraith (D:12)
  A polar bear (D:9)
  2 trolls
  5 blink frogs (Lair:1)
  Grinder (D:5)
  A slime creature (D:13)
  Sigmund (D:3)
  2 shadows
  15 yaks
  A wraith (D:12)
  An unseen horror simulacrum (D:9)
  A basilisk (Lair:2)
  Eustachio (D:5)
  A steam dragon (D:9)
  4 vampire mosquitoes (D:12)
  Menkaure (D:7)
  Duvessa (D:4)
  3 orc warriors
  4 water moccasins
  A black bear (D:3)
  2 sky beasts (D:6)
  2 ice beasts
  A wolf (D:9)
  3 ogres
  8 centaurs
  3 kobold brigands (D:8)
  2 gnoll sergeants
  4 bullfrogs
  5 scorpions
  Blork the orc (D:4)
  6 wights
  Dowan (D:4)
  15 killer bees
  A howler monkey (D:4)
  A jelly (D:6)
  6 hounds
  3 orc priests
  6 iguanas
  2 sleepcaps
  Ijyb (D:5)
  16 orc wizards
  31 gnolls
  6 adders
  3 river rats (D:11)
  2 shadow imps (D:5)
  3 white imps
  3 ufetubi
  3 dart slugs
  51 orcs
  A bat (D:3)
  3 endoplasms
  2 giant cockroaches
  6 goblins
  4 hobgoblins
  13 jackals
  2 quokkas
  7 ball pythons
  2 frilled lizards (D:1)
  15 kobolds
  5 rats
327 creatures vanquished.

Vanquished Creatures (collateral kills)
  A jelly (D:7)
1 creature vanquished.

Grand Total: 328 creatures vanquished

Notes
Turn   | Place    | Note
-------+----------+-------------------------------------------
     0 | D:1      | Pixllover the Gargoyle Berserker began the quest for the
                  | Orb.
     0 | D:1      | Reached XP level 1. HP: 14/14 MP: 1/1
   174 | D:1      | Reached XP level 2. HP: 19/19 MP: 2/2
   878 | D:2      | Reached skill level 1 in Short Blades
   878 | D:2      | Reached XP level 3. HP: 24/24 MP: 3/3
   878 | D:2      | Reached ** piety under Trog
  1491 | D:3      | Noticed Sigmund
  1496 | D:3      | Found a stormy altar of Qazlal.
  1524 | D:3      | Found a faded altar of an unknown god.
  1538 | D:3      | Killed Sigmund
  1539 | D:3      | Reached XP level 4. HP: 15/30 MP: 4/4
  1539 | D:3      | Reached XP level 5. HP: 17/34 MP: 5/5
  1782 | D:3      | Reached XP level 6. HP: 28/39 MP: 6/6
  2302 | D:4      | Found a snail-covered altar of Cheibriados.
  2306 | D:4      | Noticed Dowan
  2308 | D:4      | Noticed Duvessa
  2382 | D:4      | Noticed a black bear
  2382 | D:4      | Noticed Blork the orc
  2390 | D:3      | Killed a black bear
  2391 | D:3      | Reached skill level 1 in Axes
  2558 | D:4      | Reached skill level 5 in Fighting
  2558 | D:4      | Reached skill level 2 in Axes
  2558 | D:4      | Reached XP level 7. HP: 23/44 MP: 7/7
  2709 | D:4      | Reached skill level 3 in Axes
  2732 | D:4      | Killed Duvessa
  2758 | D:4      | Killed Dowan
  2759 | D:4      | Reached skill level 4 in Axes
  3015 | D:4      | Found Yquaf's Antique Armour Emporium.
  3015 | D:4      | Found Exkikhoa's Armour Emporium.
  3030 | D:4      | Found Zyabewaj's Armour Emporium.
  3031 | D:4      | Found Guhieck's Antique Weapon Emporium.
  3043 | D:4      | Bought a runed battleaxe for 180 gold pieces
  3120 | D:4      | Reached *** piety under Trog
  3146 | D:4      | Reached XP level 8. HP: 49/49 MP: 8/8
  3247 | D:4      | Reached skill level 5 in Axes
  3407 | D:4      | Killed Blork the orc
  3559 | D:4      | Reached **** piety under Trog
  3901 | D:4      | Identified the ring "Sedakhlun" {Fly Dex+3 Stlth+}
  4196 | D:5      | Entered Level 5 of the Dungeon
  4197 | D:5      | Noticed Grinder
  4202 | D:5      | Killed Grinder
  4203 | D:5      | Reached skill level 6 in Axes
  4240 | D:5      | Reached skill level 1 in Stealth
  4249 | D:5      | Noticed Ijyb
  4256 | D:5      | Killed Ijyb
  4302 | D:5      | Found a shimmering altar of Xom.
  4324 | D:5      | Noticed Eustachio
  4337 | D:5      | Killed Eustachio
  4338 | D:5      | Reached skill level 5 in Armour
  4338 | D:5      | Reached XP level 9. HP: 54/55 MP: 9/9
  4340 | D:5      | Reached skill level 7 in Axes
  4787 | D:6      | Found a staircase to the Ecumenical Temple.
  5056 | D:6      | Reached skill level 8 in Axes
  5653 | D:6      | Found a blossoming altar of Fedhas.
  5775 | D:7      | Noticed Menkaure
  5781 | D:7      | Killed Menkaure
  5834 | D:7      | Found an ornate altar of the Wu Jian Council.
  5835 | D:7      | Found an opulent altar of Gozag.
  5835 | D:7      | Found a hazy altar of Hepliaklqana.
  5836 | D:7      | Found a sparkling altar of Nemelex Xobeh.
  5961 | D:7      | Reached skill level 9 in Axes
  5982 | D:7      | Found a runed translucent gate.
  5983 | D:7      | Noticed an efreet
  5992 | D:7      | Found a runed translucent gate.
  5992 | D:7      | Found an opulent altar of Gozag.
  5992 | D:7      | Found a runed translucent gate.
  5992 | D:7      | Noticed a troll
  5994 | D:7      | Noticed Heedrag's ghost (novice DsSh)
  6011 | D:7      | Noticed Maggie
  6028 | D:7      | Gained mutation: You sometimes lose your temper in combat.
                  | [potion of mutation]
  6028 | D:7      | Gained mutation: You passively map a small area around you.
                  | [potion of mutation]
  6035 | D:7      | Killed Maggie
  6036 | D:7      | Reached XP level 10. HP: 28/63 MP: 10/10
  6784 | D:8      | Found a bloodstained altar of Trog.
  7151 | D:8      | Reached skill level 10 in Axes
  7203 | D:8      | Found a transporter.
  7208 | D:8      | Found a transporter.
  7208 | D:8      | Found a transporter.
  7210 | D:8      | Found a transporter.
  7639 | D:9      | Reached ***** piety under Trog
  7669 | D:10     | Entered Level 10 of the Dungeon
  8007 | D:10     | Reached skill level 11 in Axes
  8137 | D:10     | Received a gift from Trog
  8307 | D:10     | Found an iron altar of Okawaru.
  8357 | D:10     | Noticed a two-headed ogre
  8365 | D:10     | Killed a two-headed ogre
  8366 | D:10     | Reached XP level 11. HP: 69/69 MP: 3/11
  8454 | D:10     | Found a staircase to the Orcish Mines.
  8994 | D:9      | You are sucked into a shaft and drop 3 floors!
  9139 | D:12     | Noticed Gastronok
  9149 | D:12     | Killed Gastronok
  9150 | D:12     | Reached skill level 1 in Throwing
  9258 | D:12     | Reached skill level 12 in Axes
  9533 | D:12     | Noticed a two-headed ogre
  9541 | D:12     | Killed a two-headed ogre
  9627 | D:12     | Noticed a two-headed ogre
  9641 | D:12     | Killed a two-headed ogre
  9814 | D:12     | Noticed a manticore
  9824 | D:12     | Killed a manticore
  9875 | D:11     | Found Vaucset's General Store.
  9880 | D:11     | Bought a scroll of fear for 60 gold pieces
 10551 | D:11     | Found a staircase to the Lair.
 10551 | D:11     | Noticed a death yak
 10556 | D:11     | Noticed a death yak
 10558 | D:11     | Noticed a death yak
 10560 | D:11     | Killed a death yak
 10561 | D:11     | Reached skill level 13 in Axes
 10567 | D:11     | Killed a death yak
 10568 | D:11     | Reached XP level 12. HP: 76/76 MP: 4/12
 10572 | D:11     | Killed a death yak
 11120 | D:11     | Noticed a two-headed ogre
 11128 | D:11     | Killed a two-headed ogre
 12260 | D:13     | Reached skill level 14 in Axes
 12333 | D:13     | Noticed a five-headed hydra
 12446 | Lair:1   | Entered Level 1 of the Lair of Beasts
 12855 | Lair:1   | Reached skill level 10 in Fighting
 12907 | Lair:1   | Reached skill level 15 in Axes
 13111 | Lair:1   | You are sucked into a shaft and drop 1 floor!
 13187 | Lair:2   | Reached XP level 13. HP: 82/82 MP: 4/13
 13243 | Lair:2   | Noticed Harold
 13268 | Lair:2   | Killed from afar by a bog body

Illustrated notes

Levels and vault maps discovered:
D:1:      minmay_arrival_up_and_down, layout_rooms, serial_aquarium,
          aquarium_bridge_straight [aquarium_subvault_bridge,
          aquarium_subvault_window, aquarium_subvault_bridge,
          aquarium_subvault_wall], aquarium_window_1,
          aquarium_window_corridor_1, aquarium_window_fake, aquarium_window_2,
          aquarium_view_2c, aquarium_view_2b, aquarium_pool_side
D:2:      layout_basic
D:3:      layout_rooms, nicolae_qazlal_scattered_showers,
          ebering_ecumenical_altar_box, uniq_sigmund
D:4:      lemuel_castle_with_subvaults [lemuel_castle_interior_original],
          layout_cave_pools, kennysheep_slug_shrine, minmay_misc_feat_rows,
          minmay_shop_grid_forest, uniq_duvessa, uniq_blork_the_orc
D:5:      layout_rooms, mainiacjoe_overflow_tiny_flanked, moated_statue,
          uniq_eustachio, uniq_ijyb, uniq_grinder
D:6:      layout_basic, fedhas_altar_fruit_tree,
          minmay_temple_entry_stoned_glass
D:7:      layout_basic, chequers_temple_overflow_statue_of_worship,
          ebering_ghost_gozag, minivault_23, chequers_jeans, uniq_maggie,
          uniq_menkaure
D:8:      layout_basic, trog_antimagical, nicolae_diode_intersection
D:9:      layout_gridville, serial_ice, serial_ice_k, serial_ice_e,
          serial_ice_o, serial_ice_g
D:10:     layout_basic, kennysheep_okawaru_gauntlet
D:11:     layout_grid_maze, dpeg_lair_monsters, serial_shops,
          nicolae_shop_hallway_plus, hangedman_abyss_or_decor_lesser_grid
D:12:     layout_irregular_city, uniq_gastronok
D:13:     layout_cross
Lair:1:   layout_chaotic_city
Lair:2:   layout_roguey, skrybe_swamp_entry_bodies,
          nicolae_volcano_entry_two_sided, uniq_harold

Skill      XL: |  1  2  3  4  5  6  7  8  9 10 11 12 |
---------------+-------------------------------------+-----
Short Blades   | 1 2 |  2.6
Fighting       | 4 5 6 7 8 9 10 | 10.2
Maces & Flails | 4 |  4.0
Dodging        | 2 |  2.8
Armour         | 3 4 5 6 7 8 9 |  9.8
Axes           | 2 4 6 9 11 13 15 | 15.2
Stealth        | 1 |  1.5
Throwing       | 1 |  1.5

Action                     |  1- 3 |  4- 6 |  7- 9 | 10-12 | 13-15 || total
---------------------------+-------+-------+-------+-------+-------++-------
  Melee: Mace              |    19 |       |       |       |       ||    19
         Short sword       |    64 |     8 |       |       |       ||    72
         Broad axe         |       |    55 |    46 |       |       ||   101
         Punch             |       |     1 |     1 |       |       ||     2
         Battleaxe         |       |       |   231 |   117 |       ||   348
         Executioner's axe |       |       |       |   353 |    12 ||   365
  Throw: Dart              |       |       |       |    19 |       ||    19
 Invoke: Berserk           |       |     1 |     1 |     4 |       ||     6
         Trog's Hand       |       |       |     1 |     1 |       ||     2
         Brothers in Arms  |       |       |     1 |       |       ||     1
    Use: Potion            |       |       |     5 |     2 |     1 ||     8
         Scroll            |       |       |       |    11 |     2 ||    13
 Armour: Animal skin       |    29 |       |       |       |       ||    29
         Plate armour      |    32 |   158 |   436 |   821 |    18 ||  1465
  Dodge: Dodged            |    48 |    63 |   130 |   282 |    13 ||   536

Table legend: (Time is in decaauts)
 A = Elapsed time spent in this place.
 B = Non-inter-level travel time spent in this place.
 C = Inter-level travel time spent in this place.
 D = Time resting spent in this place.
 E = Time spent auto-exploring this place.
 F = Levels seen in this place.
 G = Mean time per level.
                   A        B        C        D        E       F      G
               +--------+--------+--------+--------+--------+-----+--------+
         Total |  13609 |  13288 |    321 |   2419 |   5967 |  15 |  907.3 |
       Dungeon |  12766 |  12446 |    320 |   2253 |   5704 |  13 |  982.0 |
          Lair |    843 |    843 |      0 |    166 |    263 |   2 |  421.5 |
               +--------+--------+--------+--------+--------+-----+--------+

Top non-repeatable levels by time:
    D:11: 1890 daAuts
     D:4: 1830 daAuts
    D:12: 1532 daAuts
    D:10: 1338 daAuts
     D:7: 1071 daAuts
     D:2: 952 daAuts
     D:6: 928 daAuts
     D:3: 911 daAuts
     D:8: 720 daAuts
  Lair:1: 682 daAuts
     D:1: 613 daAuts
     D:5: 612 daAuts
     D:9: 241 daAuts
  Lair:2: 160 daAuts
    D:13: 123 daAuts
